 Dungeon Crawl Stone Soup version 0.20-a0-754-g13ddd6e (webtiles) character file.

23585 nikopol the Spear-Bearer (level 13, -3/82 HPs)
             Began as a Gargoyle Berserker on Feb 25, 2017.
             Was a High Priest of Trog.
             Slain by a death yak (12 damage)
             ... on level 3 of the Lair of Beasts.
             The game lasted 00:48:15 (17866 turns).

nikopol the Spear-Bearer (Gargoyle Berserker)      Turns: 17866, Time: 00:48:16

Health: -3/82      AC: 24    Str: 24    XL:     13   Next: 7%
Magic:  4/4        EV: 16    Int:  8    God:    Trog [*****.]
Gold:   902        SH:  0    Dex: 18    Spells: 12/12 levels left

rFire    . . .     SeeInvis .   a - +3 halberd (antimagic)
rCold    . . .     Gourm    .   j - +3 scale mail of Loumyly {rCorr}
rNeg     + . .     Faith    .   (shield currently unavailable)
rPois    ∞         Spirit   .   U - +2 hat
rElec    +         Reflect  .   (no cloak)
rCorr    +         Harm     .   E - +0 pair of gloves {Dex+3}
MR       ++...                  (no boots)
Stlth    ..........             L - amulet of regeneration
Regen    1.7/turn               (no ring)
MPRegen  0.1/turn               K - +4 ring of dexterity

@: exhausted, regenerating, slowed, very slow
A: negative energy resistance 1, electricity resistance, unbreathing,
petrification resistance, rot immunity, AC +9
a: Berserk, Trog's Hand, Brothers in Arms, Burn Spellbooks, Renounce Religion


You were on level 3 of the Lair of Beasts.
You worshipped Trog.
Trog was extremely pleased with you.
You were very hungry.

You visited 2 branches of the dungeon, and saw 14 of its levels.

You collected 902 gold pieces.

Inventory:

Hand Weapons
 a - a +3 antimagic halberd (weapon)
 x - a +2 longbow of flaming
 z - a +4 shortbow
Missiles
 m - 193 arrows (quivered)
Armour
 j - the +3 scale mail of Loumyly (worn) {rCorr}
   (You found it on level 9 of the Dungeon)

   It protects you from acid and corrosion.
 E - a +0 pair of gloves of dexterity (worn)
 U - a +2 hat (worn)
Jewellery
 o - an uncursed ring of fire
 r - an uncursed ring of ice
 K - a +4 ring of dexterity (left hand)
 L - an amulet of regeneration (around neck)
 N - an uncursed ring of positive energy {unknown}
Wands
 b - a wand of clouds (2/9)
 i - a wand of iceblast (9/15)
 y - a wand of digging (24/24)
 C - a wand of flame (27/48)
 D - a wand of digging (10/24)
 I - a wand of confusion (9/48)
 Q - a wand of disintegration (12/24)
 R - a wand of polymorph (10/24)
 S - a wand of flame (19/48)
 T - a wand of polymorph (8/24)
Scrolls
 g - 9 scrolls of remove curse
 h - 5 scrolls of identify
 l - a scroll of enchant armour
 p - 6 scrolls of teleportation
 v - a scroll of fog
 F - 2 scrolls of enchant weapon
 J - 3 scrolls of magic mapping {unknown}
Potions
 d - 2 potions of brilliance {unknown}
 e - 11 potions of curing
 f - 3 potions of cancellation
 k - 6 potions of haste
 n - a potion of agility {unknown}
 q - 3 potions of heal wounds {unknown}
 s - a potion of invisibility {unknown}
 u - a potion of mutation {unknown}
 A - 3 potions of might {unknown}
 B - a potion of flight {unknown}
 G - 2 potions of lignification {unknown}
 H - a potion of magic {unknown}
 M - a potion of degeneration {unknown}
 V - a potion of resistance {unknown}
Comestibles
 c - 10 bread rations
 t - 12 fruits
 w - 7 meat rations
 P - 7 royal jellies


   Skills:
 + Level 10.1 Fighting
 * Level 11.3 Polearms
 * Level 9.1 Bows
 + Level 10.3 Armour
 + Level 7.9 Dodging


You had 12 spell levels left.
You didn't know any spells.

Dungeon Overview and Level Annotations

Branches:
Dungeon (11/15)            Temple (0/1) D:5            Lair (3/6) D:11
    Orc (0/2) D:10
  Swamp: Lair:2-4    Shoals: Lair:2-4     Snake: Lair:2-4    Spider: Lair:2-4

Altars:
Ashenzari
Cheibriados
Elyvilon
Fedhas
Gozag
Hepliaklqana
Kikubaaqudgha
Makhleb
Ru
Sif Muna
Trog
Uskayaw
Vehumet
Zin
Beogh

Shops:
D:10 (


Innate Abilities, Weirdness & Mutations

You are resistant to torment.
Your stone body is resilient. (AC +9)
You are immune to poison.
You resist negative energy. (rN+)
You are resistant to electric shocks. (rElec)
You can survive without breathing.
You are immune to petrification.
You are immune to rotting.


Message History

* * * LOW HITPOINT WARNING * * *
The water moccasin bites you but does no damage.
The death yak gores you.
* * * LOW HITPOINT WARNING * * *
You puncture the death yak!
The death yak is severely wounded.
The water moccasin closely misses you. The water moccasin barely misses you.
The death yak gores you.
* * * LOW HITPOINT WARNING * * *
You slash the death yak!
The death yak is almost dead.
The water moccasin misses you. The death yak gores you!
* * * LOW HITPOINT WARNING * * *
The water moccasin bites you but does no damage.
Your skin crawls.
You feel resistant to hostile enchantments.
You are feeling very hungry.
The water moccasin bites you but does no damage.
The death yak gores you!
You die...

###P....##...##P....#
##.##....#....#......#
..b##...###...##....##
...##....##....##...#
....#...###...###...##
.........#....# #....#
.......P###...# #....#
P.......P##...###S..##
..b.....###...##@†..#
........# #...###Y..#
b........##...# #...##
........###...# #....#
b.............##....P#
###.............(...##
# #...........Y....#
#................# #
#.....##....#....#


You could see a death yak and a water moccasin.

Vanquished Creatures
  A hydra (Lair:2)
  A catoblepas (Lair:2)
  3 two-headed ogres
  4 death yaks (Lair:3)
  An unseen horror (D:11)
  4 lindwurms (D:9)
  The ghost of esteth the Destroyer, a novice DECj of Vehumet (D:7)
  2 ugly things (D:11)
  Psyche (D:9)
  2 spiny frogs
  A rime drake (Lair:1)
  6 komodo dragons
  3 trolls (D:11)
  Prince Ribbit (D:7)
  2 hornets
  3 blink frogs (Lair:2)
  Grinder (D:3)
  2 hippogriffs (Lair:2)
  6 yaks
  A hog (D:10)
  A human (D:10)
  A basilisk (Lair:3)
  A steam dragon (D:11)
  4 vampire mosquitoes (D:11)
  Menkaure (D:5)
  3 water moccasins
  An acid dragon (D:10)
  2 porcupines
  6 orc warriors
  8 sky beasts
  2 ice beasts
  4 phantoms
  9 ogres
  2 black bears
  5 wolves (Lair:2)
  A crocodile (Lair:3)
  4 centaurs
  A big kobold (D:9)
  11 bullfrogs
  2 water moccasin skeletons
  8 scorpions
  3 killer bees (D:11)
  5 wights (D:6)
  4 howler monkeys
  4 crimson imps
  A centaur zombie (D:7)
  3 jellies
  2 hounds
  4 orc priests
  2 centaur skeletons (D:8)
  A bullfrog skeleton (D:5)
  3 iguanas
  10 orc wizards
  7 worker ants
  2 hound zombies
  A hound skeleton (D:4)
  4 gnolls (D:7)
  9 adders
  A shadow imp (D:6)
  An ooze (D:1)
  An adder zombie (D:6)
  2 adder skeletons
  7 worms
  A dart slug (D:1)
  10 leopard geckos
  44 orcs
  7 giant cockroaches
  12 hobgoblins
  19 jackals
  10 kobolds
  4 quokkas
  7 bats
  5 frilled lizards
  12 goblins
  A jackal skeleton (D:7)
  A leopard gecko zombie (D:6)
  7 rats
340 creatures vanquished.

Notes
Turn   | Place    | Note
-------+----------+-------------------------------------------
     0 | D:1      | nikopol the Gargoyle Berserker began the quest for the Orb.
     0 | D:1      | Reached XP level 1. HP: 14/14 MP: 1/1
   209 | D:1      | Reached XP level 2. HP: 4/19 MP: 2/2
   610 | D:1      | Reached skill level 3 in Polearms
   610 | D:1      | Reached XP level 3. HP: 23/23 MP: 3/3
   808 | D:1      | Reached ** piety under Trog
  1352 | D:2      | Found an ancient bone altar of Kikubaaqudgha.
  1361 | D:2      | Found a radiant altar of Vehumet.
  1363 | D:2      | Found a glowing silver altar of Zin.
  1365 | D:2      | Found a white marble altar of Elyvilon.
  1415 | D:2      | Reached XP level 4. HP: 29/29 MP: 4/4
  2325 | D:3      | Found a blossoming altar of Fedhas.
  2636 | D:3      | Noticed Grinder
  2649 | D:3      | Paralysed by Grinder for 5 turns
  2659 | D:3      | Paralysed by Grinder for 2 turns
  2677 | D:3      | HP: 1/29 [Grinder/nerve-wracking pain (3)]
  3073 | D:3      | You fall through a shaft for 3 floors!
  3090 | D:6      | Reached XP level 5. HP: 30/33 MP: 5/5
  3123 | D:5      | Entered Level 5 of the Dungeon
  3141 | D:5      | Noticed an ogre
  3144 | D:5      | Noticed a sky beast
  3153 | D:5      | Killed an ogre
  3164 | D:5      | Killed a sky beast
  3164 | D:5      | Reached XP level 6. HP: 23/39 MP: 6/6
  3201 | D:5      | Reached skill level 4 in Polearms
  3362 | D:5      | Found a bloodstained altar of Trog.
  3379 | D:5      | Noticed an ice beast
  3407 | D:5      | Killed an ice beast
  3407 | D:5      | Reached XP level 7. HP: 15/44 MP: 7/7
  3673 | D:5      | Reached skill level 5 in Fighting
  3781 | D:5      | Found a staircase to the Ecumenical Temple.
  4255 | D:3      | Paralysed by Grinder for 6 turns
  4268 | D:3      | Paralysed by Grinder for 7 turns
  4276 | D:3      | Killed Grinder
  4276 | D:3      | Reached skill level 5 in Polearms
  4276 | D:3      | Reached skill level 5 in Armour
  4510 | D:3      | Reached *** piety under Trog
  4532 | D:3      | Reached XP level 8. HP: 50/50 MP: 8/8
  5678 | D:5      | Noticed Menkaure
  5706 | D:5      | Killed Menkaure
  5706 | D:5      | Reached skill level 6 in Polearms
  6308 | D:6      | Reached **** piety under Trog
  6490 | D:6      | Found a burning altar of Makhleb.
  6763 | D:6      | Reached XP level 9. HP: 41/56 MP: 9/9
  6940 | D:6      | Found a shattered altar of Ashenzari.
  7129 | D:6      | Found a hazy altar of Hepliaklqana.
  7386 | D:6      | Reached skill level 7 in Polearms
  7386 | D:6      | Reached skill level 5 in Dodging
  7716 | D:6      | Found a sacrificial altar of Ru.
  7796 | D:7      | Noticed esteth's ghost (novice DECj)
  7826 | D:7      | Killed esteth's ghost
  8035 | D:7      | Noticed Prince Ribbit
  8047 | D:7      | Killed Prince Ribbit
  8328 | D:7      | Found a hide-covered altar of Uskayaw.
  8356 | D:7      | Reached skill level 8 in Polearms
  8408 | D:7      | Found a deep blue altar of Sif Muna.
  8452 | D:7      | Reached XP level 10. HP: 44/63 MP: 10/10
  8459 | D:7      | Reached skill level 1 in Bows
  9544 | D:8      | Noticed a two-headed ogre
  9558 | D:8      | Killed a two-headed ogre
 10285 | D:8      | Found an opulent altar of Gozag.
 10410 | D:8      | Found a hide-covered altar of Uskayaw.
 10590 | D:8      | Found a snail-covered altar of Cheibriados.
 10677 | D:8      | Reached ***** piety under Trog
 10745 | D:9      | Noticed a lindwurm
 10746 | D:9      | Noticed a lindwurm
 10747 | D:9      | Noticed a lindwurm
 10748 | D:9      | Noticed a lindwurm
 10986 | D:9      | Killed a lindwurm
 11026 | D:9      | Killed a lindwurm
 11026 | D:9      | Reached skill level 9 in Polearms
 11050 | D:9      | Killed a lindwurm
 11050 | D:9      | Reached XP level 11. HP: 69/69 MP: 11/11
 11066 | D:9      | Killed a lindwurm
 11066 | D:9      | Reached skill level 5 in Bows
 11348 | D:9      | Found a white marble altar of Elyvilon.
 11398 | D:9      | Noticed a two-headed ogre
 11415 | D:9      | Killed a two-headed ogre
 11728 | D:9      | Received a gift from Trog
 11817 | D:9      | Noticed a two-headed ogre
 11831 | D:9      | Killed a two-headed ogre
 12022 | D:9      | Noticed Psyche
 12274 | D:9      | Killed Psyche
 12436 | D:9      | Got a fine scale mail
 12449 | D:9      | Identified the +3 scale mail of Loumyly {rCorr} (You found it on level 9 of the Dungeon)
 12458 | D:10     | Entered Level 10 of the Dungeon
 12458 | D:10     | Found Holuipp's Antique Weapon Boutique.
 12651 | D:10     | Reached skill level 10 in Polearms
 12815 | D:10     | Found a staircase to the Orcish Mines.
 13106 | D:10     | Got a transparent platinum ring
 13261 | D:10     | Found a roughly hewn altar of Beogh.
 13838 | D:11     | Found a staircase to the Lair.
 13949 | D:11     | Received a gift from Trog
 13993 | D:11     | Reached XP level 12. HP: 76/76 MP: 4/12
 14303 | D:11     | HP: 3/76 [something (4)]
 15282 | Lair:1   | Entered Level 1 of the Lair of Beasts
 16059 | Lair:1   | Identified the cursed ring "Ykeoc" {rC+ Str-3 Dex+3} (You found it on level 10 of the Dungeon)
 16960 | Lair:2   | Noticed a catoblepas
 16988 | Lair:2   | Killed a catoblepas
 17044 | Lair:2   | Reached skill level 10 in Armour
 17573 | Lair:3   | Reached skill level 11 in Polearms
 17684 | Lair:3   | Noticed a death yak
 17685 | Lair:3   | Noticed a death yak
 17685 | Lair:3   | Noticed a death yak
 17712 | Lair:3   | Noticed a seven-headed hydra
 17725 | Lair:2   | Killed an 11-headed hydra
 17769 | Lair:3   | Reached skill level 10 in Fighting
 17780 | Lair:3   | Killed a death yak
 17826 | Lair:3   | Noticed a death yak
 17826 | Lair:3   | Noticed a death yak
 17840 | Lair:3   | Killed a death yak
 17850 | Lair:3   | Killed a death yak
 17850 | Lair:3   | Reached XP level 13. HP: 59/82 MP: 4/13
 17866 | Lair:3   | Slain by a death yak

Vault maps used:
D:1:      ncdulo_smallfort, minmay_misc_feat_square
D:2:      minitemple, first_bread
D:3:      fedhas_altar_1, uniq_grinder
D:4:      kennysheep_donut, st_stairs_8
D:5:      lemuel_doored_altar, minmay_temple_entry_statues,
          minmay_misc_feat_roman, uniq_menkaure
D:6:      kennysheep_mini_moat, lemuel_round_altar, lemuel_crystal_altar,
          marbit_many_paths, kennysheep_generic_room_13
D:7:      basic_altar, lemuel_blue_sif_altar, uniq_prince_ribbit1
D:8:      kennysheep_little_box, grunt_gozag_breadcrumbs,
          lemuel_coloured_pillars_altar
D:9:      basic_altar, minmay_lindwurm_lava, uniq_psyche
D:10:     minmay_orc_entry_temple_small, serial_shops, nicolae_shop_statue_plus,
          grunt_livestock
D:11:     lair_entry_dummy, serial_co_window_serial, co_window_paths_a,
          co_window_paths_b, co_window_paths_b, co_window_paths_b,
          co_window_paths_a, co_window_corner_a, co_window_cross_1,
          co_window_paths_a, co_window_of_opportunity_a,
          co_window_unsneaky_path_d, co_window_paths_c, co_window_cross_2,
          co_window_broadway_a, co_window_cross_4, co_window_4corner_a
Lair:1:   serial_bayou_shore_a, grunt_megastairs_5
Lair:2:   serial_bayou_shore_b
Lair:3:   special_room, lemuel_fruit_fields

Skill      XL: |  1  2  3  4  5  6  7  8  9 10 11 12 |
---------------+-------------------------------------+-----
Polearms       | 3 4 5 6 8 9 10 11 | 11.3
Dodging        | 2 3 4 5 6 7 |  7.9
Armour         | 3 4 5 6 7 8 9 10 | 10.3
Fighting       | 4 5 6 7 8 9 10 | 10.1
Bows           | 4 6 9 |  9.1

Action                   |  1- 3 |  4- 6 |  7- 9 | 10-12 | 13-15 || total
-------------------------+-------+-------+-------+-------+-------++-------
Melee: Spear             |   197 |   218 |    20 |       |       ||   435
       Trident           |       |       |   478 |   235 |       ||   713
       Halberd           |       |       |       |   444 |    15 ||   459
       Shortbow          |       |       |       |     1 |       ||     1
 Fire: Shortbow          |       |       |     5 |   379 |       ||   384
       Longbow           |       |       |       |     4 |       ||     4
Invok: Berserk           |     1 |     2 |     6 |     7 |       ||    16
       Trog's Hand       |       |     1 |       |     1 |     1 ||     3
       Burn Spellbooks   |       |       |       |     3 |       ||     3
  Use: Scroll            |       |       |     3 |    16 |       ||    19
  Eat: Chunk             |     2 |     7 |    18 |    36 |       ||    63
       Royal jelly       |       |     1 |     2 |       |       ||     3
       Fruit             |       |     1 |       |     1 |       ||     2
Armor: Animal skin       |     2 |       |       |       |       ||     2
       Ring mail         |    45 |    15 |       |       |       ||    60
       Scale mail        |       |    65 |   234 |   328 |    12 ||   639
       Chain mail        |       |     7 |       |    28 |       ||    35
Dodge: Dodged            |    81 |    94 |   243 |   495 |    21 ||   934
